 Dungeon Crawl Stone Soup version 0.29-a0-802-g34511f41fd (webtiles) character file.

Game seed: 16669100346770429412

66842 Gorgondantess the Marksspriggan (level 14, -6/70 HPs)
             Began as a Spriggan Hunter on July 3, 2022.
             Was the Champion of Dithmenos.
             Mangled by a sixfirhy (9 damage)
             ... on level 6 of the Lair of Beasts.
             The game lasted 01:34:26 (26576 turns).

Gorgondantess the Marksspriggan (Spriggan Hunter)  Turns: 26576, Time: 01:34:26

Health: -6/70      AC:  6    Str:  7    XL:     14   Next: 80%
Magic:  25/29      EV: 34    Int: 13    God:    Dithmenos [******]
Gold:   1324       SH:  5    Dex: 21    Spells: 13/33 levels left

rFire   + . .      SeeInvis +   b - +0 arbalest
rCold   + . .      Faith    .   (shield currently unavailable)
rNeg    . . .      Spirit   .   V - +0 troll leather armour
rPois   .          Reflect  +   T - +2 hat {Will+}
rElec   .          Harm     .   Q - scarf {rC+ rF+}
rCorr   .          Rampage  .   (gloves unavailable)
Will    +++..                   (boots unavailable)
Stlth   +++++++...              B - amulet of reflection
HPRegen 1.01/turn               p - +4 ring of evasion
MPRegen 0.21/turn               m - +4 ring of evasion

@: wreathed by umbra, very quick
A: very small, no large weapons, unfitting armour, see invisible, speed 3
a: Renounce Religion, Shadow Step, Shadow Form


You were on level 6 of the Lair of Beasts.
You worshipped Dithmenos.
Dithmenos was exalted by your worship.
You visited 4 branches of the dungeon, and saw 21 of its levels.
You also visited: Bailey.

You collected 2311 gold pieces.
You spent 987 gold pieces at shops.

Inventory:

Hand Weapons
 a - a +3 shortbow
 b - a +0 arbalest (weapon)
 D - a +2 dagger of electrocution
 E - a +1 dagger of venom
Missiles
 U - 6 curare-tipped darts
Armour
 r - a +2 robe of resistance
 F - +0 acid dragon scales
 Q - a scarf of resistance (worn)
 T - a +2 hat of willpower (worn)
 V - a +0 troll leather armour (worn)
 Y - a +1 cloak
Jewellery
 c - a ring of protection from fire
 g - a ring of willpower
 m - a +4 ring of evasion (right hand)
 p - a +4 ring of evasion (left hand)
 y - a ring of resist corrosion
 B - an amulet of reflection (around neck)
 G - a +6 ring of strength
 J - a +4 ring of protection
Wands
 v - a wand of iceblast (23)
 A - a wand of flame (23)
 C - a wand of mindburst (9)
 K - a wand of digging (12)
 W - a wand of light (10)
 X - a wand of paralysis (8)
Scrolls
 e - 2 scrolls of blinking
 f - a scroll of magic mapping
 h - a scroll of fog {unknown}
 k - 5 scrolls of brand weapon {unknown}
 l - a scroll of summoning {unknown}
 n - 13 scrolls of teleportation
 o - 5 scrolls of amnesia {unknown}
 q - 4 scrolls of vulnerability
 s - 3 scrolls of fear
 x - 3 scrolls of immolation
 P - 3 scrolls of poison
Potions
 d - 5 potions of berserk rage
 i - 8 potions of curing
 j - 4 potions of heal wounds
 t - 4 potions of flight
 w - 4 potions of magic
 z - 2 potions of lignification
 H - 2 potions of haste
 I - 2 potions of cancellation
 M - 2 potions of ambrosia
 O - 2 potions of might
 R - a potion of invisibility
 S - a potion of brilliance
Miscellaneous
 u - a lightning rod (4/4)


   Skills:
 + Level 6.4 Fighting
 - Level 3.0 Short Blades
 * Level 15.6 Ranged Weapons
 + Level 1.6 Armour
 + Level 11.8 Dodging
 - Level 8.0 Stealth
 - Level 10.0 Spellcasting
 - Level 1.0 Conjurations
 + Level 11.4 Hexes
 - Level 7.0 Summonings
 - Level 1.0 Air Magic
 * Level 3.7 Poison Magic
 + Level 3.6 Invocations
 + Level 9.6 Evocations


You had 13 spell levels left.
You knew the following spells:

 Your Spells              Type           Power      Damage    Failure   Level
a - Call Canine Familiar  Summ           24%        N/A       2%          3
b - Ensorcelled Hibernat  Hex/Ice        42%        N/A       2%          2
c - Summon Mana Viper     Hex/Summ       30%        N/A       11%         5
d - Cause Fear            Hex            18%        N/A       1%          4
e - Inner Flame           Hex/Fire       21%        N/A       4%          3
f - Mephitic Cloud        Conj/Pois/Air  11%        N/A       22%         3

Your spell library contained the following spells:

 Spells                   Type           Power      Damage    Failure   Level
 Summon Small Mammal      Summ           96%        N/A       1%          1
 Call Imp                 Summ           24%        N/A       1%          2
 Summon Guardian Golem    Hex/Summ       30%        N/A       1%          3
 Poisonous Vapours        Pois/Air       24%        N/A       10%         2
 Magic Dart               Conj           36%        1d4       11%         1
 Anguish                  Hex/Necr       10%        N/A       16%         4
 Spider Form              Tmut/Pois      11%        N/A       22%         3
 Sublimation of Blood     Necr           6%         N/A       24%         2
 Wereblood                Tmut           6%         N/A       24%         2
 Summon Ice Beast         Ice/Summ       15%        N/A       36%         4
 Corpse Rot               Necr/Pois/Air  10%        N/A       63%         4
 Fireball                 Conj/Fire      3%         3d4       98%         5
 Starburst                Conj/Fire      3%         6d3       100%        6
 Monstrous Menagerie      Summ           12%        N/A       100%        7
 Summon Hydra             Summ           12%        N/A       100%        7
 Discord                  Hex            18%        N/A       100%        8
 Ignition                 Fire           3%         3d4       100%        8


Dungeon Overview and Level Annotations

Branches:
Dungeon (12/15)            Temple (1/1) D:4            Lair (6/6) D:8
  Swamp (0/4) Lair:2       Spider (0/4) Lair:3        Slime (0/5) Lair:5
    Orc (2/2) D:12            Elf (0/3) Orc:2        Bailey (visited)

Altars:
Ashenzari
Cheibriados
Dithmenos
Elyvilon
Fedhas
Gozag
Hepliaklqana
Kikubaaqudgha
Makhleb
Nemelex Xobeh
Okawaru
Qazlal
Ru
Sif Muna
Trog
Uskayaw
Vehumet
Wu Jian
Xom
Yredelemnul
Zin
The Shining One
Jiyva

Shops:
D:1 *   D:8 ?   Orc:2 =([:

Portals:
Trove: D:11 (show abyssal rune of Zot)

Annotations:
Lair:5 3 runed translucent doors, Zooseq's ghost, journeyman GnFE


Innate Abilities, Weirdness & Mutations

You are very small and have problems with some larger weapons.
You are too small for most types of armour.
You have supernaturally acute eyesight. (SInv)
You cover ground extremely quickly. (Speed+++)


Message History

You shoot a bolt. The bolt hits the hellwing!
The hellwing is heavily wounded.
You shoot a bolt. The bolt misses the sixfirhy.
Your shadow shoots a bolt.
The bolt completely misses the sixfirhy.
The hellwing swoops through the air toward you!
The hellwing completely misses you. You block the hellwing's attack.
You shoot a bolt. The bolt hits the hellwing.
The hellwing is heavily wounded.
The hellwing misses you. The hellwing barely misses you.
Your mana viper completely misses the sixfirhy.
The sixfirhy completely misses you.
The sixfirhy hits you but does no damage.
The hellwing barely misses you. The hellwing misses you. The sixfirhy hits you.
The sixfirhy shocks you! The sixfirhy closely misses you.
The sixfirhy completely misses you.
Your mana viper bites the hellwing.
The sixfirhy barely misses you.
Really fire in your mana viper's direction?
Okay, then.
Casting: Summon Mana Viper (dangerous; 11% risk of failure)
Confirm with . or Enter, or press ? or * to list all spells.
Your mana viper bites the hellwing.
You swap places.
Your mana viper bites the sixfirhy!
Your hound bites the sixfirhy.
Your mana viper misses the hellwing.
The sixfirhy hits your hound! The sixfirhy shocks your hound!
Your hound dies!
Your hound's corpse disappears in a puff of smoke!
Your mana viper bites the hellwing!
The sixfirhy hits you. The sixfirhy shocks you!
You emit a cloud of dark smoke.
You block the sixfirhy's attack. The sixfirhy completely misses you.
The sixfirhy misses you. The sixfirhy attacks as you move away!
You block the sixfirhy's attack. The sixfirhy hits you!
* * * LOW HITPOINT WARNING * * *
You emit a cloud of dark smoke.
The sixfirhy shocks you!
* * * LOW HITPOINT WARNING * * *
The sixfirhy attacks as you move away! The sixfirhy hits you!
* * * LOW HITPOINT WARNING * * *
The sixfirhy shocks you!
You die...

#..####.......................#..
#................................
##.....♣♣......♣♣..♣♣....♣♣♣.♣♣..
♣....♣♣♣♣♣♣...♣♣♣♣♣♣♣....♣ ♣♣♣♣♣.
♣...♣♣ ♣♣♣♣♣♣♣ ♣♣♣♣♣♣ ♣♣ ♣♣♣♣♣
♣♣.♣♣ ♣ ♣♣§..♣ ♣ ♣♣♣§§§§♣ ♣♣
♣♣♣§§♣♣3@♣♣♣ ♣♣. ♣♣♣§3♣♣♣♣♣§§.♣♣
♣♣♣.. ♣♣.§♣♣♣ ♣♣...♣♣♣♣ ♣♣♣♣..♣.
♣♣.4♣♣♣ ♣♣♣....♣♣♣...♣♣♣. ♣.S...♣
♣♣♣...÷÷..♣♣ ♣♣ ######''######
♣♣♣.♣♣.♣♣ ♣
.............#########'♣♣♣♣♣ ♣
....8....8..§#........#♣ ♣♣
............§§§§.8.8..# ♣.


You could see a sixfirhy.

Vanquished Creatures
  An orc warlord (Orc:2)
  2 ettins
  7 hydras
  An ice dragon (Lair:3)
  A centaur warrior (D:10)
  3 two-headed ogres
  3 death yaks (Lair:6)
  4 orc high priests (Orc:2)
  2 bog bodies (Lair:2)
  A wizard (Lair:6)
  Pikel (D:6)
  2 lindwurms
  A phantasmal warrior (D:10)
  A cyclops (D:12)
  3 orc sorcerers
  An ugly thing (D:7)
  A manticore (D:12)
  5 black mambas
  6 elephants (Lair:6)
  A gargoyle (Bailey)
  10 cane toads
  2 orange demons (Lair:6)
  3 kobold demonologists (D:9)
  8 rime drakes
  10 komodo dragons
  6 trolls
  3 ice devils (Lair:6)
  3 polar bears
  2 hornets
  5 slime creatures (D:10)
  17 blink frogs
  2 jumping spiders (Lair:3)
  A shadow (D:12)
  A wraith (D:12)
  A culicivora (Lair:3)
  A vampire (D:11)
  A wyvern (Lair:6)
  A redback (Lair:3)
  5 steam dragons
  2 basilisks
  37 yaks
  6 wargs
  Menkaure (D:7)
  A two-headed ogre zombie (D:12)
  16 water moccasins
  3 hell hounds (Lair:6)
  2 acid dragons
  24 orc warriors
  An ice beast (D:6)
  A sky beast (D:6)
  6 ogres
  4 black bears
  13 wolves
  7 centaurs
  A lemure (D:6)
  2 phantoms (D:12)
  9 kobold brigands
  2 gnoll sergeants
  Blork the orc (D:4)
  16 bullfrogs
  A necrophage (D:5)
  3 scorpions
  12 wights (D:8)
  A troll zombie (D:12)
  2 electric eels
  2 howler monkeys
  6 vampire bats (Bailey)
  7 wolf zombies (Bailey)
  4 crimson imps (D:12)
  3 hounds
  2 gnoll boudas
  36 orc priests
  2 jellies (D:6)
  Terence (D:3)
  8 hell rats
  5 iguanas
  25 orc wizards
  5 ogre zombies (D:12)
  23 gnolls
  6 adders
  3 shadow imps
  A white imp (D:7)
  A howler monkey simulacrum (D:8)
  A worm (D:4)
  2 dart slugs
  58 orcs
  A bat (D:3)
  3 endoplasms
  5 giant cockroaches
  5 goblins
  4 hobgoblins
  3 nameless horrors
  3 quokkas
  3 ball pythons
  4 frilled lizards
  A goblin skeleton (D:12)
  A goblin zombie (D:12)
  5 hobgoblin zombies (D:12)
  47 kobolds
  7 kobold skeletons (D:9)
  11 kobold zombies (D:9)
  2 orc skeletons (D:12)
  32 orc zombies
  6 rats
  3 butterflies (Lair:2)
650 creatures vanquished.

Vanquished Creatures (collateral kills)
  Gastronok (Orc:2)
  A catoblepas (Lair:3)
  An orc knight (Orc:2)
  2 slime creatures (D:12)
  A nameless horror (D:12)
  An elephant (Lair:6)
  3 black mambas
  A cane toad (Lair:2)
  2 komodo dragons
  A troll (D:12)
  2 blink frogs
  2 yaks (Lair:4)
  3 vampire mosquitoes
  A hell hound (Lair:6)
  3 orc warriors
  A swamp drake (Lair:5)
  3 hell rats
  An orc zombie (Bailey)
  An orc (Orc:1)
31 creatures vanquished.

Vanquished Creatures (others)
  32 fungi
  49 plants
81 creatures vanquished.

Grand Total: 762 creatures vanquished

Notes
Turn   | Place    | Note
-------+----------+-------------------------------------------
     0 | D:1      | Gorgondantess the Spriggan Hunter began the quest for the
                  | Orb.
     0 | D:1      | Reached XP level 1. HP: 10/10 MP: 2/2
   161 | D:1      | Reached skill level 5 in Ranged Weapons
   229 | D:1      | Found Bybaip's General Store.
   378 | D:1      | Reached XP level 2. HP: 9/14 MP: 3/3
   891 | D:1      | Bought a potion of curing for 42 gold pieces
   994 | D:2      | Reached skill level 6 in Ranged Weapons
  1012 | D:2      | Reached XP level 3. HP: 18/18 MP: 4/4
  1375 | D:3      | Noticed Terence
  1380 | D:3      | Killed Terence
  1381 | D:3      | Reached skill level 7 in Ranged Weapons
  1381 | D:3      | Reached XP level 4. HP: 22/22 MP: 5/5
  1852 | D:3      | Found a faded altar of an unknown god.
  2363 | D:4      | Found a staircase to the Ecumenical Temple.
  2386 | Temple   | Entered the Ecumenical Temple
  2670 | Temple   | Became a worshipper of Dithmenos the Shadowed
  2878 | D:4      | Noticed Blork the orc
  2898 | D:4      | Killed Blork the orc
  2899 | D:4      | Reached skill level 8 in Ranged Weapons
  2899 | D:4      | Reached XP level 5. HP: 4/25 MP: 6/6
  3210 | D:4      | You fall into a shaft and drop 3 floors!
  3212 | D:7      | Noticed a yak
  3219 | D:7      | Noticed a black bear
  3231 | D:7      | Noticed a yak
  3231 | D:7      | Noticed a yak
  3232 | D:7      | Noticed a yak
  3243 | D:7      | Noticed Menkaure
  3308 | D:7      | Noticed a troll
  3354 | D:5      | Entered Level 5 of the Dungeon
  3481 | D:4      | Reached XP level 6. HP: 30/30 MP: 7/7
  3979 | D:5      | Reached skill level 9 in Ranged Weapons
  4333 | D:5      | Reached skill level 10 in Ranged Weapons
  4333 | D:5      | Reached XP level 7. HP: 29/33 MP: 8/8
  4783 | D:5      | Reached skill level 11 in Ranged Weapons
  4946 | D:1      | Bought a scroll of enchant armour for 105 gold pieces
  4946 | D:1      | Bought a potion of haste for 140 gold pieces
  5096 | D:6      | Reached * piety under Dithmenos
  5184 | D:6      | Learned a level 3 spell: Call Canine Familiar
  5212 | D:6      | Reached skill level 1 in Spellcasting
  5212 | D:6      | Reached XP level 8. HP: 37/37 MP: 8/10
  5452 | D:6      | Reached skill level 1 in Summonings
  5490 | D:6      | Identified the +3 quarterstaff of Toaroh {vorpal, rPois}
  5954 | D:6      | Reached skill level 12 in Ranged Weapons
  6021 | D:6      | Identified the +2 leather armour of the Ant {rC+}
  6259 | D:6      | Killed a troll
  6411 | D:7      | Killed Menkaure
  6838 | D:7      | Reached XP level 9. HP: 39/41 MP: 16/16
  6879 | D:7      | Noticed Pikel
  7004 | D:6      | Killed Pikel
  7005 | D:6      | Reached skill level 5 in Dodging
  7005 | D:6      | Reached skill level 5 in Spellcasting
  7319 | D:7      | Reached skill level 13 in Ranged Weapons
  7359 | D:7      | Learned a level 2 spell: Ensorcelled Hibernation
  7623 | D:7      | Reached skill level 1 in Hexes
  8018 | D:8      | Reached ** piety under Dithmenos
  8110 | D:7      | Reached XP level 10. HP: 29/46 MP: 18/21
  8259 | D:8      | Noticed a red ugly thing
  8369 | D:7      | Killed a red ugly thing
  8814 | D:8      | Found a basalt altar of Yredelemnul.
  9033 | D:8      | Found a staircase to the Lair.
  9129 | D:8      | Found Miyjih's Magic Scroll Emporium.
  9205 | D:8      | Bought a scroll of enchant weapon for 105 gold pieces
  9205 | D:8      | Bought a scroll of teleportation for 42 gold pieces
  9309 | D:8      | Reached skill level 5 in Summonings
  9613 | D:8      | Bought a scroll of magic mapping for 49 gold pieces
  9690 | D:9      | Reached *** piety under Dithmenos
  9779 | D:9      | Noticed a sixfirhy
  9807 | D:9      | Reached skill level 14 in Ranged Weapons
  9845 | D:9      | Reached skill level 5 in Hexes
  9933 | D:9      | Found a flagged portal.
  9939 | Bailey   | Entered a bailey
 10000 | Bailey   | Noticed a gargoyle
 10041 | Bailey   | Killed a gargoyle
 10042 | Bailey   | Reached skill level 1 in Evocations
 10060 | Bailey   | Reached **** piety under Dithmenos
 11027 | D:10     | Entered Level 10 of the Dungeon
 11448 | D:8      | Reached XP level 11. HP: 42/51 MP: 23/23
 11595 | D:9      | Found an ancient bone altar of Kikubaaqudgha.
 12184 | D:9      | Reached ***** piety under Dithmenos
 12968 | D:10     | Noticed a phantasmal warrior
 12968 | D:10     | Noticed a centaur warrior
 12970 | D:10     | Noticed a catoblepas
 13150 | D:10     | Killed a centaur warrior
 13190 | D:10     | Noticed a phantasmal warrior
 13240 | D:10     | Killed a phantasmal warrior
 13241 | D:10     | Reached skill level 1 in Armour
 13642 | D:10     | Reached skill level 1 in Short Blades
 13860 | D:10     | Learned a level 5 spell: Summon Mana Viper
 13897 | D:11     | Noticed a five-headed hydra
 13945 | D:11     | Killed a five-headed hydra
 14146 | D:11     | Noticed a two-headed ogre
 14204 | D:11     | Killed a two-headed ogre
 14205 | D:11     | Reached skill level 15 in Ranged Weapons
 14487 | D:11     | Found a portal to a secret trove of treasure.
 14970 | D:12     | Noticed a four-headed hydra
 14989 | D:12     | Killed a four-headed hydra
 15017 | D:12     | Noticed a two-headed ogre
 15038 | D:12     | Killed a two-headed ogre
 15039 | D:12     | Reached skill level 5 in Stealth
 15039 | D:12     | Reached XP level 12. HP: 56/56 MP: 25/25
 15376 | D:12     | Found a shimmering altar of Xom.
 15427 | D:12     | Found a staircase to the Orcish Mines.
 16223 | Orc:1    | Entered Level 1 of the Orcish Mines
 16274 | Orc:1    | Noticed an ettin
 16385 | D:12     | Killed an ettin
 16399 | D:12     | Reached skill level 5 in Evocations
 16621 | Orc:2    | Entered Level 2 of the Orcish Mines
 16704 | Orc:2    | Reached ****** piety under Dithmenos
 16803 | Orc:1    | Noticed Gastronok
 17014 | Orc:2    | Killed Gastronok
 17131 | Orc:1    | Noticed an orc warlord
 17199 | Orc:2    | Killed an orc warlord
 17323 | Orc:1    | Reached skill level 16 in Ranged Weapons
 17388 | Orc:1    | Noticed a two-headed ogre
 17399 | Orc:1    | Killed a two-headed ogre
 17717 | Orc:2    | Found a staircase to the Elven Halls.
 17801 | Orc:2    | Noticed an ettin
 17830 | Orc:2    | Killed an ettin
 17924 | Orc:2    | Noticed an orc high priest
 18107 | Orc:2    | Noticed an orc high priest
 18120 | Orc:2    | Reached XP level 13. HP: 63/63 MP: 27/27
 18233 | Orc:2    | Found Otra's Book Shoppe.
 18233 | Orc:2    | Found Polazxut's Antique Armour Shoppe.
 18234 | Orc:2    | Found Tyigut's Jewellery Emporium.
 18237 | Orc:2    | Found Zinimei's Weapon Emporium.
 18307 | Orc:2    | Bought a book of Hexes for 504 gold pieces
 18312 | Orc:2    | Learned a level 4 spell: Cause Fear
 18316 | Orc:2    | Learned a level 3 spell: Inner Flame
 18584 | Orc:2    | Reached skill level 10 in Dodging
 19156 | Lair:1   | Entered Level 1 of the Lair of Beasts
 19312 | Lair:1   | Reached skill level 5 in Fighting
 19704 | Lair:1   | Reached skill level 10 in Hexes
 20169 | Lair:1   | Reduced skill Ranged Weapons to level 14
 20169 | Lair:1   | Upgraded the game from 0.29-a0-789-g7a8fcbc185 to
                  | 0.29-a0-802-g34511f41fd
 20310 | Lair:2   | Found a staircase to the Swamp.
 20629 | Lair:2   | You fall into a shaft and drop 1 floor!
 21253 | Lair:2   | Reached skill level 1 in Invocations
 21674 | Lair:3   | Found a hole to the Spider Nest.
 22662 | Lair:4   | Reached XP level 14. HP: 69/69 MP: 24/28
 22709 | Lair:4   | Reached skill level 15 in Ranged Weapons
 23939 | Lair:4   | Learned a level 3 spell: Mephitic Cloud
 24218 | Lair:5   | Reached skill level 1 in Poison Magic
 24228 | Lair:5   | Found a runed translucent gate.
 24228 | Lair:5   | Found a runed translucent gate.
 24269 | Lair:5   | Found a staircase to the Slime Pits.
 24369 | Lair:5   | Found a runed translucent gate.
 24369 | Lair:5   | Noticed an acid blob
 24369 | Lair:5   | Noticed an acid blob
 24370 | Lair:5   | Noticed a rockslime
 24370 | Lair:5   | Noticed an acid blob
 24370 | Lair:5   | Noticed an acid blob
 25007 | Lair:5   | Noticed an acid blob
 25008 | Lair:5   | Noticed an acid blob
 25009 | Lair:5   | Noticed Zooseq's ghost (journeyman GnFE)
 25011 | Lair:5   | Noticed an acid blob
 25013 | Lair:5   | Noticed an acid blob
 25013 | Lair:5   | Noticed an acid blob
 25014 | Lair:5   | Found a viscous altar of Jiyva.
 25036 | Lair:6   | Entered Level 6 of the Lair of Beasts
 25190 | Lair:6   | Reached skill level 1 in Air Magic
 25360 | Lair:6   | Reached skill level 1 in Conjurations
 26260 | Lair:6   | Found a burning altar of Makhleb.
 26329 | Lair:6   | Reached skill level 10 in Spellcasting
 26576 | Lair:6   | HP: 3/70 [sixfirhy (7)]
 26576 | Lair:6   | Mangled by a sixfirhy

Illustrated notes

Levels and vault maps discovered:
D:1:      minmay_arrival_widening_spiral_narrow, layout_rooms, serial_shops,
          nicolae_shop_trees
D:2:      layout_rooms
D:3:      layout_basic, shapermc_ecumenical_altar_pompeii, uniq_terence
D:4:      layout_cave_pools, temple_doors_cd, lightli_minifort,
          uniq_blork_the_orc
D:5:      layout_gridville
D:6:      layout_basic, serial_bayou_pond_c
D:7:      layout_loops_corners, uniq_pikel, uniq_menkaure
D:8:      layout_loops_ring, amcnicky_altar_gilded, erik_lair_orcish_takeover,
          serial_shops, nicolae_shop_hallway_plus, serial_ice, serial_ice_c,
          serial_ice_g, serial_ice_n, serial_ice_d
D:9:      wander_kiku_kobolds, layout_gridville, enter_bailey_2
D:10:     layout_loops_ring, hellmonk_guarded_unrand_seven_league_boots
D:11:     layout_roguey, enter_trove_2
D:12:     layout_grid_maze, zombieorc2_lemuel, led_xom_imps
Temple:   roderic_octagonal_lattice_temple
Lair:1:   layout_roguey, serial_bayou_shore_a, grunt_megastairs_5,
          infiniplex_staircase_pool_2
Lair:2:   layout_layer_cave, skrybe_swamp_entry_bodies, lemuel_fruit_fields,
          lemuel_fruit_tree
Lair:3:   dragon1_lemuel, layout_cave_pods, spider_nest_entry_funnel_web
Lair:4:   layout_cave_pods, serial_bayou_lake_a, grunt_megastairs_2
Lair:5:   layout_long_grid, slime_entry_1, gammafunk_ghost_ooze,
          guppyfry_lair_drakes
Lair:6:   evil_forest, layout_gridlike
Orc:1:    layout_caves, basic_altar, uniq_gastronok
Orc:2:    st_orc_mages, layout_caves

Skill      XL: |  1  2  3  4  5  6  7  8  9 10 11 12 13 14 |
---------------+-------------------------------------------+-----
Ranged Weapons | 5 6 7 8 10 11 12 13 14 15 16 14 15 | 15.6
Stealth        | 2 3 5 7 8 |  8.0
Dodging        | 3 4 6 7 8 9 11 | 11.8
Spellcasting   | 1 4 6 7 8 9 10 | 10.0
Summonings     | 3 4 5 6 7 |  7.0
Hexes          | 2 5 7 9 10 11 | 11.4
Fighting       | 2 3 4 5 6 |  6.4
Evocations     | 2 4 6 8 9 |  9.6
Armour         | 1 |  1.6
Short Blades   | 2 3 |  3.0
Invocations    | 1 3 |  3.6
Poison Magic   | 3 |  3.7
Air Magic      | 1 |  1.0
Conjurations   | 1 |  1.0

Action                   |  1- 3 |  4- 6 |  7- 9 | 10-12 | 13-15 || total
-------------------------+-------+-------+-------+-------+-------++-------
Melee: Shortbow          |       |     1 |       |       |       ||     1
       Dagger            |       |       |       |     7 |       ||     7
       Quarterstaff      |       |       |       |     1 |       ||     1
       Punch             |       |       |       |     1 |       ||     1
       Arbalest          |       |       |       |       |     1 ||     1
 Fire: Shortbow          |    85 |   132 |   324 |  1282 |   735 ||  2558
       Arbalest          |       |       |       |   203 |   360 ||   563
 Cast: Call Canine Famil |       |       |     5 |    41 |     6 ||    52
       Ensorcelled Hiber |       |       |       |     1 |     1 ||     2
       Summon Mana Viper |       |       |       |    17 |    22 ||    39
       Inner Flame       |       |       |       |       |    20 ||    20
Evoke: Wand              |       |     2 |     3 |     6 |     2 ||    13
  Use: Scroll            |       |     3 |       |    14 |     7 ||    24
       Potion            |       |       |       |     3 |       ||     3
 Stab: Distracted        |       |       |       |     1 |       ||     1
Armor: Robe              |       |       |     1 |       |       ||     1
       Steam dragon scal |       |       |     2 |     7 |       ||     9
       Skin              |       |       |       |     3 |       ||     3
       Troll leather arm |       |       |       |    11 |     7 ||    18
Dodge: Dodged            |     9 |    19 |    60 |   466 |   461 ||  1015
Block: Other             |       |     3 |    17 |   130 |    93 ||   243
       Reflection        |       |       |     1 |    17 |       ||    18

Table legend: (Time is in decaauts)
 A = Elapsed time spent in this place.
 B = Non-inter-level travel time spent in this place.
 C = Inter-level travel time spent in this place.
 D = Time resting spent in this place.
 E = Time spent auto-exploring this place.
 F = Levels seen in this place.
 G = Mean time per level.
                   A        B        C        D        E       F      G
               +--------+--------+--------+--------+--------+-----+--------+
         Total |  19241 |  18242 |    999 |   2669 |   9380 |  22 |  874.6 |
       Dungeon |  10896 |  10237 |    659 |   1633 |   5227 |  12 |  908.0 |
        Temple |    184 |    163 |     21 |      0 |    147 |   1 |  184.0 |
          Lair |   5256 |   5045 |    211 |    288 |   3226 |   6 |  876.0 |
  Orcish Mines |   2024 |   1918 |    106 |    395 |    669 |   2 | 1012.0 |
        Bailey |    880 |    880 |      0 |    352 |    109 |   1 |  880.0 |
               +--------+--------+--------+--------+--------+-----+--------+

Top non-repeatable levels by time:
     D:7: 1369 daAuts
   Orc:2: 1292 daAuts
    D:10: 1208 daAuts
     D:6: 1203 daAuts
    D:12: 1153 daAuts
  Lair:6: 1077 daAuts
     D:8: 1030 daAuts
  Lair:4: 955 daAuts
     D:9: 910 daAuts
     D:5: 907 daAuts
  Lair:3: 892 daAuts
  Bailey: 880 daAuts
  Lair:2: 859 daAuts
  Lair:5: 815 daAuts
     D:4: 787 daAuts
